Blackhawks vs Red Wings
Created - June 6, 2022 at 19:01
Goals
|
| Blackhawks |
2 |
1 |
2 |
5 |
| Red Wings |
0 |
2 |
1 |
3 |
|
Shots
|
| Blackhawks |
10 |
7 |
11 |
28 |
| Red Wings |
6 |
10 |
18 |
34 |
|
1st period
1. Blackhawks , Jakob Silfverberg 29 (Johnny Gaudreau 50) at 11:03
2. Blackhawks , Blake Wheeler 7 (Calvin de Haan 21, Jordan Staal 39) at 19:35
Penalties :
Calvin de Haan (Chi) for Interference (Minor) at 4:45, Henrik Zetterberg (Det) for Cross-checking (Minor) at 7:50, Jordin Tootoo (Det) for Slashing (Minor) at 13:09, Marko Dano (Det) for High sticking (Minor) at 19:42
2nd period
3. Blackhawks , Jordan Staal 24 (Jakob Silfverberg 28, Johnny Gaudreau 51) at 0:11 (PP)
4. Red Wings , Kris Versteeg 22 (Drew Fata 16, Carson Mcmillan 17) at 14:16
5. Red Wings , Henrik Zetterberg 25 (Marko Dano 41, Philip Samuelsson 32) at 15:43 (PP)
Penalties :
Stefan Matteau (Chi) for Interference (Minor) at 3:06, Jamie McBain (Chi) for Hooking (Minor) at 7:24, Antoine Roussel (Chi) for Hooking (Minor) at 15:38
3rd period
6. Blackhawks , Corey Perry 24 (Derek Roy 34, Antoine Roussel 25) at 3:11
7. Red Wings , Connor Brown 22 (Jakub Kindl 8, Tye McGinn 17) at 11:10
8. Blackhawks , Johnny Gaudreau 36 (Jakob Silfverberg 29, Jordan Staal 40) at 12:59 (PP)
Penalties :
Corey Perry (Chi) for High sticking (Minor) at 5:16, Henrik Zetterberg (Det) for Hooking (Minor) at 5:40, Nino Niederreiter (Det) for Hooking (Minor) at 12:53
Goalie Stats
Tuukka Rask (Chi), 31 saves from 34 shots - (0.912), W, 25-23-8, 60:00 minutes
Robin Lehner (Det), 23 saves from 28 shots - (0.821), L, 33-17-6, 60:00 minutes
Players Stats for Blackhawks
Player Name G A P +/- PIM S H SB GA TA FO MP PP MP PK MP
------------------------------------------------------------------------------------
Alexander Frolov 0 0 0 1 0 2 1 1 2 0 0/0 11:30 0:00 0:32
Antoine Roussel 0 1 1 0 2 1 2 0 0 0 1/2 17:31 2:10 1:53
Blake Wheeler 1 0 1 1 0 4 0 0 0 0 1/1 10:53 0:00 0:00
Calvin de Haan 0 1 1 2 2 1 2 2 0 1 0/0 19:51 2:16 1:53
Colby Armstrong 0 0 0 0 0 0 0 0 0 0 0/0 6:43 0:00 0:00
Corey Perry 1 0 1 0 2 3 1 0 0 1 0/1 16:21 2:17 0:56
Derek Roy 0 1 1 0 0 1 1 1 0 1 5/11 18:04 2:10 1:53
Jakob Silfverberg 1 2 3 0 0 3 1 1 2 0 1/3 18:52 2:40 0:00
James Wright 0 0 0 1 0 0 1 0 0 0 1/6 10:23 0:00 0:00
Jamie McBain 0 0 0 0 2 4 1 2 2 2 0/0 29:09 2:41 3:10
Johnny Gaudreau 1 2 3 0 0 2 2 2 1 2 1/3 23:42 2:47 3:49
Jordan Staal 1 2 3 0 0 6 1 1 0 1 17/33 23:57 2:47 3:49
Matthew Spiller 0 0 0 -1 0 0 0 1 0 0 0/0 10:04 0:00 0:09
Nick Bonino 0 0 0 0 0 0 0 0 0 0 1/2 6:43 0:00 0:00
Radko Gudas 0 0 0 0 0 1 0 2 0 0 0/0 30:05 2:41 4:25
Raphael Diaz 0 0 0 2 0 0 3 0 1 1 0/0 19:51 2:16 1:52
Shane O'Brien 0 0 0 -1 0 0 2 1 0 0 0/0 11:18 0:00 1:23
Stefan Matteau 0 0 0 0 2 0 1 0 0 0 0/0 6:57 0:00 0:00
Players Stats for Red Wings
Player Name G A P +/- PIM S H SB GA TA FO MP PP MP PK MP
------------------------------------------------------------------------------------
Carson Mcmillan 0 1 1 1 0 3 2 0 0 1 0/0 14:14 0:00 3:02
Connor Brown 1 0 1 0 0 5 1 1 1 0 0/0 17:08 2:29 0:06
Drew Fata 0 1 1 0 0 2 0 1 0 0 0/0 19:19 0:00 3:33
Dylan Larkin 0 0 0 -2 0 1 2 1 0 0 2/2 19:36 4:00 0:00
Henrik Zetterberg 1 0 1 0 4 1 0 0 1 1 8/20 17:58 3:56 0:00
Jakub Kindl 0 1 1 0 0 1 0 0 0 0 0/0 14:11 2:26 0:00
Jiri Fischer 0 0 0 -1 0 2 1 1 0 1 0/0 20:21 0:00 0:24
Jordin Tootoo 0 0 0 0 2 2 0 0 0 0 0/1 7:22 0:00 0:00
Kris Versteeg 1 0 1 1 0 3 2 1 2 1 7/14 16:51 2:29 3:08
Marko Dano 0 1 1 0 2 2 3 0 1 0 2/5 19:11 3:57 0:27
Michael Haley 0 0 0 0 0 1 1 0 0 0 0/0 8:41 0:00 1:22
Mike Richards 0 0 0 -2 0 3 0 0 1 1 13/15 17:26 2:29 0:00
Nino Niederreiter 0 0 0 -2 2 3 0 2 1 0 2/3 19:41 3:57 0:27
Ole-Kristian Tollefsen 0 0 0 0 0 0 1 0 0 1 0/0 19:46 2:26 1:24
Philip Samuelsson 0 1 1 -1 0 1 3 1 1 1 0/0 26:30 4:00 1:24
Ryan O'Byrne 0 0 0 0 0 1 0 1 0 1 0/0 15:20 0:00 3:09
T.J. Hensick 0 0 0 0 0 2 1 0 0 0 0/2 8:36 0:00 1:22
Tye McGinn 0 1 1 1 0 1 0 0 1 0 0/0 11:12 0:00 0:00
3 Stars
1 - Johnny Gaudreau (Chi)
2 - Jakob Silfverberg (Chi)
3 - Jordan Staal (Chi)
Power Play
Blackhawks - 2 on 5 Attempt(s) - 40.00%
Red Wings - 1 on 5 Attempt(s) - 20.00%
Penalty Kill
Blackhawks - 4 on 5 Attempt(s) - 80.00%
- Score 0 goal in Penalty Kill
Red Wings - 3 on 5 Attempt(s) - 60.00%
- Score 0 goal in Penalty Kill
Team Stat
Blackhawks - Hits : 19 - Faceoff Wins : 28 - Blocked Shots : 14 - Penalty Minutes : 10
Red Wings - Hits : 17 - Faceoff Wins : 34 - Blocked Shots : 9 - Penalty Minutes : 10
Official
Referees : Tim Peel and Eric Furlatt
Linesman : Bevan Mills and Tony Sericolo
Game Notes
No Game Note
Finance
Level 1 -- Attendance: 6000 (100.00%) -- Ticket Income $600,000
Level 2 -- Attendance: 4646 (92.92%) -- Ticket Income $278,760
Level 3 -- Attendance: 1957 (97.85%) -- Ticket Income $68,495
Level 4 -- Attendance: 4000 (100.00%) -- Ticket Income $100,000
Luxury Box -- Attendance: 1000 (100.00%) -- Ticket Income $200,000
Game was played at the Little Caesars arena.
Total Attendance: 17603 (97.79%)
Total Ticket Income: $1,247,255
Other Income: $187,088
Total Income: $1,434,343
Blackhawks
5 vs 5 Forward
Center Left Wing Right Wing Time % Phy DF OF
1 Jordan Staal Johnny Gaudreau Jakob Silfverberg 40 1 2 2
2 Derek Roy Antoine Roussel Corey Perry 30 1 2 2
3 James Wright Alexander Frolov Blake Wheeler 20 1 2 2
4 Nick Bonino Stefan Matteau Colby Armstrong 10 1 2 2
5 vs 5 Defense
Defense Defense Time % Phy DF OF
1 Jamie McBain Radko Gudas 40 1 2 2
2 Raphael Diaz Calvin de Haan 30 1 2 2
3 Shane O'Brien Matthew Spiller 20 1 2 2
4 Jamie McBain Radko Gudas 10 1 2 2
PowerPlay Forward
Center Left Wing Right Wing Time % Phy DF OF
1 Jordan Staal Johnny Gaudreau Jakob Silfverberg 60 1 2 2
2 Derek Roy Antoine Roussel Corey Perry 40 1 2 2
PowerPlay Defense
Defense Defense Time % Phy DF OF
1 Jamie McBain Radko Gudas 60 1 2 2
2 Raphael Diaz Calvin de Haan 40 1 2 2
Penalty Kill 4 Players Forward
Center Wing Time % Phy DF OF
1 Jordan Staal Johnny Gaudreau 60 1 2 2
2 Derek Roy Antoine Roussel 40 1 2 2
Penalty Kill 4 Players Defense
Defense Defense Time % Phy DF OF
1 Jamie McBain Radko Gudas 60 1 2 2
2 Raphael Diaz Calvin de Haan 40 1 2 2
Penalty Kill - 3 Players Forward
Forward Time % Phy DF OF
1 Jordan Staal 60 1 2 2
2 Derek Roy 40 1 2 2
Penalty Kill - 3 Players Defense
Defense Defense Time % Phy DF OF
1 Jamie McBain Radko Gudas 60 1 2 2
2 Raphael Diaz Calvin de Haan 40 1 2 2
4 vs 4 Forward
Center Wing Time % Phy DF OF
1 Jordan Staal Johnny Gaudreau 60 1 2 2
2 Derek Roy Antoine Roussel 40 1 2 2
4 vs 4 Defense
Defense Defense Time % Phy DF OF
1 Jamie McBain Radko Gudas 60 1 2 2
2 Raphael Diaz Calvin de Haan 40 1 2 2
Last Minutes Offensive
Center Left Wing Right Wing Defense Defense
Jordan Staal Johnny Gaudreau Jakob Silfverberg Jamie McBain Radko Gudas
Last Minutes Defensive
Center Left Wing Right Wing Defense Defense
Jordan Staal Johnny Gaudreau Jakob Silfverberg Jamie McBain Radko Gudas
Goaltenders
Starting : Tuukka Rask
Backup : Josh Harding
Extra Forwards
Normal : Corey Perry, Derek Roy, Blake Wheeler - PP : Corey Perry, Derek Roy - PK : Corey Perry
Extra Defensemen
Normal : Calvin de Haan, Shane O'Brien, Matthew Spiller - PP : Calvin de Haan - PK : Calvin de Haan, Shane O'Brien
Penalty Shots
Johnny Gaudreau, Jakob Silfverberg, Antoine Roussel, Jordan Staal, Corey Perry
Scratches
Brett Maclean (Healthy), Jay Bouwmeester (Healthy)
Red Wings
5 vs 5 Forward
Center Left Wing Right Wing Time % Phy DF OF
1 Henrik Zetterberg Marko Dano Connor Brown 35 1 2 2
2 Mike Richards Dylan Larkin Nino Niederreiter 35 1 2 2
3 Kris Versteeg Tye McGinn Carson Mcmillan 20 1 2 2
4 T.J. Hensick Michael Haley Jordin Tootoo 10 1 2 2
5 vs 5 Defense
Defense Defense Time % Phy DF OF
1 Philip Samuelsson Jiri Fischer 40 1 2 2
2 Drew Fata Ole-Kristian Tollefsen 30 1 2 2
3 Jakub Kindl Ryan O'Byrne 20 1 2 2
4 Jakub Kindl Ryan O'Byrne 10 1 2 2
PowerPlay Forward
Center Left Wing Right Wing Time % Phy DF OF
1 Henrik Zetterberg Marko Dano Nino Niederreiter 60 2 1 2
2 Mike Richards Kris Versteeg Connor Brown 40 2 1 2
PowerPlay Defense
Defense Defense Time % Phy DF OF
1 Philip Samuelsson Dylan Larkin 60 1 2 2
2 Jakub Kindl Ole-Kristian Tollefsen 40 1 2 2
Penalty Kill 4 Players Forward
Center Wing Time % Phy DF OF
1 Kris Versteeg Carson Mcmillan 60 0 4 1
2 T.J. Hensick Michael Haley 40 0 4 1
Penalty Kill 4 Players Defense
Defense Defense Time % Phy DF OF
1 Ryan O'Byrne Drew Fata 60 1 4 0
2 Philip Samuelsson Ole-Kristian Tollefsen 40 1 4 0
Penalty Kill - 3 Players Forward
Forward Time % Phy DF OF
1 Carson Mcmillan 60 1 4 0
2 Michael Haley 40 1 4 0
Penalty Kill - 3 Players Defense
Defense Defense Time % Phy DF OF
1 Ole-Kristian Tollefsen Ryan O'Byrne 60 0 5 0
2 Philip Samuelsson Drew Fata 40 0 5 0
4 vs 4 Forward
Center Wing Time % Phy DF OF
1 Henrik Zetterberg Marko Dano 55 1 2 2
2 Mike Richards Nino Niederreiter 45 1 2 2
4 vs 4 Defense
Defense Defense Time % Phy DF OF
1 Philip Samuelsson Ole-Kristian Tollefsen 60 1 2 2
2 Drew Fata Jiri Fischer 40 1 2 2
Last Minutes Offensive
Center Left Wing Right Wing Defense Defense
Henrik Zetterberg Marko Dano Nino Niederreiter Philip Samuelsson Connor Brown
Last Minutes Defensive
Center Left Wing Right Wing Defense Defense
T.J. Hensick Michael Haley Carson Mcmillan Ryan O'Byrne Drew Fata
Goaltenders
Starting : Robin Lehner
Backup : Mike McKenna
Extra Forwards
Normal : Dylan Larkin, Connor Brown, Nino Niederreiter - PP : T.J. Hensick, Carson Mcmillan - PK : Nino Niederreiter
Extra Defensemen
Normal : Philip Samuelsson, Drew Fata, Ryan O'Byrne - PP : Jiri Fischer - PK : Jiri Fischer, Jakub Kindl
Penalty Shots
Kris Versteeg, Dylan Larkin, Marko Dano, Mike Richards, Carson Mcmillan
Scratches
David Krejci (Healthy), David Rundblad (Healthy), Ryane Clowe (Healthy)
% Time on Ice - Blackhawks
Lines # - Real PCT - Wanted PCT - Time Play
Normal Forward
1 - 35% - 40% - 16:27
2 - 29% - 30% - 13:30
3 - 22% - 20% - 10:22
4 - 14% - 10% - 6:43
Normal Defense
1 - 43% - 40% - 20:18
2 - 32% - 30% - 15:14
3 - 20% - 20% - 9:22
4 - 5% - 10% - 2:08
PP Forward
1 - 56% - 60% - 2:47
2 - 44% - 40% - 2:10
PP Defense
1 - 54% - 60% - 2:41
2 - 46% - 40% - 2:16
PK Forward
1 - 71% - 60% - 4:33
2 - 29% - 40% - 1:53
PK Defense
1 - 71% - 60% - 4:34
2 - 29% - 40% - 1:52
PK3 Forward
1 - 0% - 60%
2 - 0% - 40%
PK3 Defense
1 - 0% - 60%
2 - 0% - 40%
44 Forward
1 - 100% - 60% - 1:35
2 - 0% - 40% - 0:00
44 Defense
1 - 69% - 60% - 1:06
2 - 31% - 40% - 0:29
Last Minute Offensive - 0:00
Last Minute Defensive - 0:00
Total
Forward - 60:00
Defense - 60:00
|
% Time on Ice - Red Wings
Lines # - Real PCT - Wanted PCT - Time Play
Normal Forward
1 - 29% - 35% - 13:50
2 - 31% - 35% - 14:47
3 - 24% - 20% - 11:12
4 - 15% - 10% - 7:13
Normal Defense
1 - 44% - 40% - 20:45
2 - 32% - 30% - 14:54
3 - 18% - 20% - 8:33
4 - 6% - 10% - 2:50
PP Forward
1 - 61% - 60% - 3:57
2 - 39% - 40% - 2:29
PP Defense
1 - 62% - 60% - 4:00
2 - 38% - 40% - 2:26
PK Forward
1 - 72% - 60% - 3:35
2 - 28% - 40% - 1:22
PK Defense
1 - 64% - 60% - 3:09
2 - 36% - 40% - 1:48
PK3 Forward
1 - 0% - 60%
2 - 0% - 40%
PK3 Defense
1 - 0% - 60%
2 - 0% - 40%
44 Forward
1 - 79% - 55% - 1:15
2 - 21% - 45% - 0:20
44 Defense
1 - 73% - 60% - 1:09
2 - 27% - 40% - 0:26
Last Minute Offensive - 0:00
Last Minute Defensive - 0:00
Total
Forward - 60:00
Defense - 60:00
|
Play-by-Play
1st period
0:01 of 1st period - Henrik Zetterberg wins face-off versus Jordan Staal in neutral zone.
0:26 of 1st period - Radko Gudas is hit by Kris Versteeg and loses puck.
2:21 of 1st period - Snap shot by Jordin Tootoo.
2:21 of 1st period - Stopped by Tuukka Rask with a rebound.
3:56 of 1st period - Off-side.
3:57 of 1st period - Jordan Staal wins face-off versus T.J. Hensick in neutral zone.
4:10 of 1st period - Snap shot by T.J. Hensick.
4:10 of 1st period - Shot Misses the Net.
4:12 of 1st period - Backhand shot by Michael Haley.
4:12 of 1st period - Shot Misses the Net.
4:45 of 1st period - Minor Penalty to Calvin de Haan for Interference.
4:46 of 1st period - Jordan Staal wins face-off versus Henrik Zetterberg in Blackhawks zone.
4:46 of 1st period - Jordan Staal is hit by Marko Dano.
5:04 of 1st period - Jordan Staal is hit by Philip Samuelsson and loses puck.
5:19 of 1st period - Snap shot by Connor Brown.
5:19 of 1st period - Shot Misses the Net.
5:25 of 1st period - Snap shot by Connor Brown.
5:25 of 1st period - Stopped by Tuukka Rask without a rebound.
5:26 of 1st period - Derek Roy wins face-off versus Henrik Zetterberg in Blackhawks zone.
6:02 of 1st period - Slapshot by Marko Dano.
6:02 of 1st period - Deflect By Nino Niederreiter.
6:02 of 1st period - Shot Misses the Net.
6:02 of 1st period - Puck is out of play.
6:03 of 1st period - Mike Richards wins face-off versus Jordan Staal in Blackhawks zone.
6:34 of 1st period - Antoine Roussel is hit by Marko Dano and loses puck.
6:45 of 1st period - Penalty to Calvin de Haan is over, Calvin de Haan is back on ice.
7:23 of 1st period - Shane O'Brien is hit by Carson Mcmillan and loses puck.
7:38 of 1st period - Wrist shot by Antoine Roussel.
7:38 of 1st period - Stopped by Robin Lehner without a rebound.
7:39 of 1st period - Jordan Staal wins face-off versus Henrik Zetterberg in Red Wings zone.
7:48 of 1st period - Snap shot by Jakob Silfverberg.
7:48 of 1st period - Shot Misses the Net.
7:50 of 1st period - Minor Penalty to Henrik Zetterberg for Cross-checking.
7:51 of 1st period - Kris Versteeg wins face-off versus Jordan Staal in Red Wings zone.
8:54 of 1st period - Icing by Corey Perry.
8:55 of 1st period - Derek Roy wins face-off versus T.J. Hensick in Blackhawks zone.
9:44 of 1st period - Slapshot by T.J. Hensick.
9:44 of 1st period - Stopped by Tuukka Rask with a rebound.
9:50 of 1st period - Penalty to Henrik Zetterberg is over, Henrik Zetterberg is back on ice.
10:17 of 1st period - Snap shot by Marko Dano.
10:17 of 1st period - Stopped by Tuukka Rask with a rebound.
10:19 of 1st period - Snap shot by Marko Dano.
10:19 of 1st period - Stopped by Tuukka Rask without a rebound.
10:20 of 1st period - Henrik Zetterberg wins face-off versus Jordan Staal in Blackhawks zone.
10:26 of 1st period - Icing by Johnny Gaudreau.
10:27 of 1st period - Jordan Staal wins face-off versus Henrik Zetterberg in Blackhawks zone.
11:03 of 1st period - Snap shot by Johnny Gaudreau.
11:03 of 1st period - Deflect By Jakob Silfverberg.
11:03 of 1st period - Goal by Jakob Silfverberg - Blackhawks : 1 - Red Wings : 0.
11:04 of 1st period - Mike Richards wins face-off versus Derek Roy in neutral zone.
11:07 of 1st period - Snap shot by Nino Niederreiter.
11:07 of 1st period - Shot Blocked by Radko Gudas.
11:13 of 1st period - Wrist shot by Antoine Roussel.
11:13 of 1st period - Deflect By Derek Roy.
11:13 of 1st period - Shot Misses the Net.
11:13 of 1st period - Puck is out of play.
11:14 of 1st period - Nino Niederreiter wins face-off versus Corey Perry in Red Wings zone.
11:41 of 1st period - Snap shot by Corey Perry.
11:41 of 1st period - Shot Hit the Post.
11:43 of 1st period - Slapshot by Jamie McBain.
11:43 of 1st period - Stopped by Robin Lehner without a rebound.
11:44 of 1st period - Jordan Staal wins face-off versus Henrik Zetterberg in Red Wings zone.
12:11 of 1st period - Carson Mcmillan is hit by Calvin de Haan and loses puck.
13:09 of 1st period - Minor Penalty to Jordin Tootoo for Slashing.
13:10 of 1st period - Kris Versteeg wins face-off versus Jakob Silfverberg in Red Wings zone.
13:10 of 1st period - Kris Versteeg is hit by Raphael Diaz.
14:31 of 1st period - Icing by Raphael Diaz.
14:32 of 1st period - Derek Roy wins face-off versus Nino Niederreiter in Blackhawks zone.
15:09 of 1st period - Penalty to Jordin Tootoo is over, Jordin Tootoo is back on ice.
15:44 of 1st period - Snap shot by Radko Gudas.
15:44 of 1st period - Shot Misses the Net.
16:20 of 1st period - Ole-Kristian Tollefsen is hit by Jordan Staal.
16:29 of 1st period - Jordan Staal is hit by T.J. Hensick and loses puck.
16:46 of 1st period - Slapshot by James Wright.
16:46 of 1st period - Shot Misses the Net.
17:28 of 1st period - Backhand shot by Johnny Gaudreau.
17:28 of 1st period - Stopped by Robin Lehner with a rebound.
17:50 of 1st period - Backhand shot by Jamie McBain.
17:50 of 1st period - Stopped by Robin Lehner without a rebound.
17:51 of 1st period - Marko Dano wins face-off versus James Wright in Red Wings zone.
18:16 of 1st period - Jakob Silfverberg is hit by Dylan Larkin and loses puck.
18:40 of 1st period - Icing by Jakub Kindl.
18:41 of 1st period - Kris Versteeg wins face-off versus Derek Roy in Red Wings zone.
18:56 of 1st period - Snap shot by Corey Perry.
18:56 of 1st period - Stopped by Robin Lehner with a rebound.
18:58 of 1st period - Wrist shot by Corey Perry.
18:58 of 1st period - Shot Misses the Net.
19:17 of 1st period - Wrist shot by Connor Brown.
19:17 of 1st period - Stopped by Tuukka Rask with a rebound.
19:31 of 1st period - Slapshot by Calvin de Haan.
19:31 of 1st period - Stopped by Robin Lehner with a rebound.
19:33 of 1st period - Slapshot by Calvin de Haan.
19:33 of 1st period - Shot Blocked by Jiri Fischer.
19:35 of 1st period - Snap shot by Blake Wheeler.
19:35 of 1st period - Goal by Blake Wheeler - Blackhawks : 2 - Red Wings : 0.
19:36 of 1st period - Jordan Staal wins face-off versus Henrik Zetterberg in neutral zone.
19:42 of 1st period - Minor Penalty to Marko Dano for High sticking.
19:43 of 1st period - Jordan Staal wins face-off versus Kris Versteeg in Red Wings zone.
19:45 of 1st period - Wrist shot by Jakob Silfverberg.
19:45 of 1st period - Deflect By Jordan Staal.
19:45 of 1st period - Stopped by Robin Lehner with a rebound.
19:47 of 1st period - Snap shot by Jordan Staal.
19:47 of 1st period - Stopped by Robin Lehner without a rebound.
19:48 of 1st period - Jordan Staal wins face-off versus Kris Versteeg in Red Wings zone.
Goals for this period are 2 for Blackhawks vs 0 for Red Wings.
Shots for this period are 10 for Blackhawks vs 6 for Red Wings.
2nd period
0:01 of 2nd period - Jakob Silfverberg wins face-off versus Kris Versteeg in neutral zone.
0:11 of 2nd period - Snap shot by Jordan Staal.
0:11 of 2nd period - Goal by Jordan Staal - Blackhawks : 3 - Red Wings : 0.
0:12 of 2nd period - Mike Richards wins face-off versus Jordan Staal in neutral zone.
0:22 of 2nd period - Jordan Staal is hit by Philip Samuelsson and loses puck.
0:27 of 2nd period - Wrist shot by Mike Richards.
0:27 of 2nd period - Shot Blocked by Jakob Silfverberg.
0:29 of 2nd period - Slapshot by Jiri Fischer.
0:29 of 2nd period - Shot Misses the Net.
0:41 of 2nd period - Slapshot by Jamie McBain.
0:41 of 2nd period - Deflect By Henrik Zetterberg.
0:41 of 2nd period - Stopped by Robin Lehner with a rebound.
0:43 of 2nd period - Slapshot by Jamie McBain.
0:43 of 2nd period - Stopped by Robin Lehner with a rebound.
0:45 of 2nd period - Snap shot by Corey Perry.
0:45 of 2nd period - Stopped by Robin Lehner without a rebound.
0:46 of 2nd period - Derek Roy wins face-off versus Henrik Zetterberg in Red Wings zone.
0:47 of 2nd period - Wrist shot by Antoine Roussel.
0:47 of 2nd period - Deflect By Derek Roy.
0:47 of 2nd period - Shot Misses the Net.
0:47 of 2nd period - Puck is out of play.
0:48 of 2nd period - Henrik Zetterberg wins face-off versus Johnny Gaudreau in Red Wings zone.
0:48 of 2nd period - Henrik Zetterberg is hit by Shane O'Brien.
0:56 of 2nd period - Slapshot by Jakob Silfverberg.
0:56 of 2nd period - Shot Blocked by Connor Brown.
1:16 of 2nd period - Slapshot by Kris Versteeg.
1:16 of 2nd period - Shot Misses the Net.
1:18 of 2nd period - Snap shot by Carson Mcmillan.
1:18 of 2nd period - Shot Misses the Net.
1:20 of 2nd period - Wrist shot by Kris Versteeg.
1:20 of 2nd period - Shot Blocked by Shane O'Brien.
1:24 of 2nd period - Wrist shot by Kris Versteeg.
1:24 of 2nd period - Stopped by Tuukka Rask without a rebound.
1:25 of 2nd period - Mike Richards wins face-off versus Derek Roy in Blackhawks zone.
2:15 of 2nd period - Wrist shot by Jordin Tootoo.
2:15 of 2nd period - Shot Blocked by Alexander Frolov.
2:27 of 2nd period - Slapshot by Jamie McBain.
2:27 of 2nd period - Shot Blocked by Drew Fata.
2:41 of 2nd period - Icing by Colby Armstrong.
2:42 of 2nd period - Kris Versteeg wins face-off versus Nick Bonino in Blackhawks zone.
3:06 of 2nd period - Minor Penalty to Stefan Matteau for Interference.
3:07 of 2nd period - Henrik Zetterberg wins face-off versus Jordan Staal in Blackhawks zone.
3:17 of 2nd period - Slapshot by Nino Niederreiter.
3:17 of 2nd period - Stopped by Tuukka Rask without a rebound.
3:18 of 2nd period - Johnny Gaudreau wins face-off versus Marko Dano in Blackhawks zone.
5:06 of 2nd period - Penalty to Stefan Matteau is over, Stefan Matteau is back on ice.
5:15 of 2nd period - Raphael Diaz is hit by Philip Samuelsson and loses puck.
5:26 of 2nd period - T.J. Hensick is hit by James Wright and loses puck.
5:47 of 2nd period - Drew Fata is hit by Derek Roy.
6:32 of 2nd period - Mike Richards is hit by Shane O'Brien and loses puck.
7:11 of 2nd period - Slapshot by Radko Gudas.
7:11 of 2nd period - Deflect By James Wright.
7:11 of 2nd period - Shot Blocked by Ryan O'Byrne.
7:11 of 2nd period - Puck is out of play.
7:12 of 2nd period - Kris Versteeg wins face-off versus James Wright in Red Wings zone.
7:14 of 2nd period - Icing by Drew Fata.
7:15 of 2nd period - Kris Versteeg wins face-off versus Johnny Gaudreau in Red Wings zone.
7:15 of 2nd period - Kris Versteeg is hit by Jamie McBain.
7:24 of 2nd period - Minor Penalty to Jamie McBain for Hooking.
7:25 of 2nd period - Henrik Zetterberg wins face-off versus Jordan Staal in Blackhawks zone.
8:29 of 2nd period - Johnny Gaudreau is hit by Kris Versteeg and loses puck.
8:46 of 2nd period - Ole-Kristian Tollefsen is hit by Raphael Diaz and loses puck.
9:24 of 2nd period - Penalty to Jamie McBain is over, Jamie McBain is back on ice.
10:17 of 2nd period - Johnny Gaudreau is hit by Jiri Fischer and loses puck.
11:14 of 2nd period - Snap shot by Radko Gudas.
11:14 of 2nd period - Deflect By Jakob Silfverberg.
11:14 of 2nd period - Shot Misses the Net.
11:14 of 2nd period - Puck is out of play.
11:15 of 2nd period - Jordan Staal wins face-off versus Jordin Tootoo in Red Wings zone.
11:41 of 2nd period - Jordin Tootoo is hit by Johnny Gaudreau and loses puck.
12:00 of 2nd period - Jakob Silfverberg is hit by Michael Haley and loses puck.
12:41 of 2nd period - Jordin Tootoo is hit by Johnny Gaudreau and loses puck.
12:52 of 2nd period - Snap shot by Jordin Tootoo.
12:52 of 2nd period - Stopped by Tuukka Rask with a rebound.
12:54 of 2nd period - Slapshot by T.J. Hensick.
12:54 of 2nd period - Shot Blocked by Johnny Gaudreau.
12:56 of 2nd period - Slapshot by Ryan O'Byrne.
12:56 of 2nd period - Shot Blocked by Johnny Gaudreau.
12:58 of 2nd period - Wrist shot by Jordin Tootoo.
12:58 of 2nd period - Shot Blocked by Jordan Staal.
13:00 of 2nd period - Slapshot by T.J. Hensick.
13:00 of 2nd period - Stopped by Tuukka Rask without a rebound.
13:01 of 2nd period - Antoine Roussel wins face-off versus Mike Richards in Blackhawks zone.
13:01 of 2nd period - Antoine Roussel is hit by Dylan Larkin.
13:13 of 2nd period - Snap shot by Corey Perry.
13:13 of 2nd period - Shot Blocked by Nino Niederreiter.
13:15 of 2nd period - Snap shot by Jamie McBain.
13:15 of 2nd period - Shot Misses the Net.
13:27 of 2nd period - Dylan Larkin is hit by Stefan Matteau.
13:51 of 2nd period - Shane O'Brien is hit by Connor Brown and loses puck.
14:12 of 2nd period - Snap shot by Carson Mcmillan.
14:12 of 2nd period - Stopped by Tuukka Rask with a rebound.
14:14 of 2nd period - Slapshot by Drew Fata.
14:14 of 2nd period - Stopped by Tuukka Rask with a rebound.
14:16 of 2nd period - Snap shot by Kris Versteeg.
14:16 of 2nd period - Goal by Kris Versteeg - Blackhawks : 3 - Red Wings : 1.
14:17 of 2nd period - Mike Richards wins face-off versus Derek Roy in neutral zone.
14:51 of 2nd period - Snap shot by Blake Wheeler.
14:51 of 2nd period - Stopped by Robin Lehner without a rebound.
14:52 of 2nd period - Jordan Staal wins face-off versus Henrik Zetterberg in Red Wings zone.
15:21 of 2nd period - Wrist shot by Nino Niederreiter.
15:21 of 2nd period - Stopped by Tuukka Rask without a rebound.
15:22 of 2nd period - Mike Richards wins face-off versus Derek Roy in Blackhawks zone.
15:38 of 2nd period - Minor Penalty to Antoine Roussel for Hooking.
15:39 of 2nd period - Marko Dano wins face-off versus Jordan Staal in Blackhawks zone.
15:43 of 2nd period - Backhand shot by Henrik Zetterberg.
15:43 of 2nd period - Goal by Henrik Zetterberg - Blackhawks : 3 - Red Wings : 2.
15:44 of 2nd period - Jordan Staal wins face-off versus Henrik Zetterberg in neutral zone.
16:41 of 2nd period - Jamie McBain is hit by Carson Mcmillan and loses puck.
17:04 of 2nd period - Slapshot by Drew Fata.
17:04 of 2nd period - Shot Blocked by Calvin de Haan.
18:12 of 2nd period - Snap shot by Alexander Frolov.
18:12 of 2nd period - Stopped by Robin Lehner without a rebound.
18:13 of 2nd period - Jordan Staal wins face-off versus Henrik Zetterberg in Red Wings zone.
18:40 of 2nd period - Jakub Kindl is hit by Corey Perry and loses puck.
19:11 of 2nd period - Slapshot by Jamie McBain.
19:11 of 2nd period - Shot Misses the Net.
19:13 of 2nd period - Slapshot by Radko Gudas.
19:13 of 2nd period - Shot Misses the Net.
19:15 of 2nd period - Slapshot by Radko Gudas.
19:15 of 2nd period - Stopped by Robin Lehner with a rebound.
19:29 of 2nd period - Slapshot by Kris Versteeg.
19:29 of 2nd period - Stopped by Tuukka Rask with a rebound.
Goals for this period are 1 for Blackhawks vs 2 for Red Wings.
Shots for this period are 7 for Blackhawks vs 10 for Red Wings.
3rd period
0:01 of 3rd period - Jordan Staal wins face-off versus Henrik Zetterberg in neutral zone.
0:27 of 3rd period - Off-side.
0:28 of 3rd period - Mike Richards wins face-off versus Antoine Roussel in neutral zone.
0:33 of 3rd period - Snap shot by Mike Richards.
0:33 of 3rd period - Stopped by Tuukka Rask with a rebound.
0:35 of 3rd period - Slapshot by Ole-Kristian Tollefsen.
0:35 of 3rd period - Shot Blocked by Derek Roy.
0:37 of 3rd period - Snap shot by Drew Fata.
0:37 of 3rd period - Stopped by Tuukka Rask with a rebound.
0:39 of 3rd period - Snap shot by Mike Richards.
0:39 of 3rd period - Stopped by Tuukka Rask with a rebound.
0:41 of 3rd period - Wrist shot by Mike Richards.
0:41 of 3rd period - Shot Hit the Post.
1:15 of 3rd period - Wrist shot by Blake Wheeler.
1:15 of 3rd period - Stopped by Robin Lehner without a rebound.
1:16 of 3rd period - Blake Wheeler wins face-off versus Kris Versteeg in Red Wings zone.
1:17 of 3rd period - Wrist shot by James Wright.
1:17 of 3rd period - Shot Misses the Net.
1:53 of 3rd period - Slapshot by Kris Versteeg.
1:53 of 3rd period - Shot Misses the Net.
1:55 of 3rd period - Wrist shot by Jiri Fischer.
1:55 of 3rd period - Stopped by Tuukka Rask without a rebound.
1:56 of 3rd period - Mike Richards wins face-off versus Derek Roy in Blackhawks zone.
1:57 of 3rd period - Slapshot by Nino Niederreiter.
1:57 of 3rd period - Shot Blocked by Radko Gudas.
2:09 of 3rd period - Wrist shot by Dylan Larkin.
2:09 of 3rd period - Deflect By Mike Richards.
2:09 of 3rd period - Shot Misses the Net.
2:09 of 3rd period - Puck is out of play.
2:10 of 3rd period - Henrik Zetterberg wins face-off versus Jordan Staal in Blackhawks zone.
2:21 of 3rd period - Wrist shot by Jakob Silfverberg.
2:21 of 3rd period - Stopped by Robin Lehner without a rebound.
2:22 of 3rd period - Mike Richards wins face-off versus Jakob Silfverberg in Red Wings zone.
2:35 of 3rd period - Snap shot by Mike Richards.
2:35 of 3rd period - Stopped by Tuukka Rask without a rebound.
2:36 of 3rd period - Henrik Zetterberg wins face-off versus Jordan Staal in Blackhawks zone.
2:40 of 3rd period - Slapshot by Jiri Fischer.
2:40 of 3rd period - Stopped by Tuukka Rask with a rebound.
3:07 of 3rd period - Wrist shot by Antoine Roussel.
3:07 of 3rd period - Shot Hit the Post.
3:09 of 3rd period - Wrist shot by Derek Roy.
3:09 of 3rd period - Stopped by Robin Lehner with a rebound.
3:11 of 3rd period - Wrist shot by Corey Perry.
3:11 of 3rd period - Goal by Corey Perry - Blackhawks : 4 - Red Wings : 2.
3:12 of 3rd period - Jordan Staal wins face-off versus Marko Dano in neutral zone.
3:59 of 3rd period - Mike Richards is hit by Raphael Diaz and loses puck.
4:04 of 3rd period - Snap shot by Nick Bonino.
4:04 of 3rd period - Shot Blocked by Nino Niederreiter.
4:29 of 3rd period - Kris Versteeg is hit by Calvin de Haan and loses puck.
4:52 of 3rd period - Snap shot by Jordan Staal.
4:52 of 3rd period - Stopped by Robin Lehner without a rebound.
4:53 of 3rd period - Derek Roy wins face-off versus Kris Versteeg in Red Wings zone.
5:16 of 3rd period - Minor Penalty to Corey Perry for High sticking.
5:17 of 3rd period - Nino Niederreiter wins face-off versus Jordan Staal in Blackhawks zone.
5:40 of 3rd period - Minor Penalty to Henrik Zetterberg for Hooking.
5:41 of 3rd period - Dylan Larkin wins face-off versus Jordan Staal in Red Wings zone.
7:16 of 3rd period - Penalty to Corey Perry is over, Corey Perry is back on ice.
7:40 of 3rd period - Penalty to Henrik Zetterberg is over, Henrik Zetterberg is back on ice.
7:46 of 3rd period - Wrist shot by Nino Niederreiter.
7:46 of 3rd period - Stopped by Tuukka Rask without a rebound.
7:47 of 3rd period - Mike Richards wins face-off versus James Wright in Blackhawks zone.
8:16 of 3rd period - Slapshot by Connor Brown.
8:16 of 3rd period - Stopped by Tuukka Rask with a rebound.
8:18 of 3rd period - Snap shot by Ryan O'Byrne.
8:18 of 3rd period - Stopped by Tuukka Rask without a rebound.
8:19 of 3rd period - Nick Bonino wins face-off versus Henrik Zetterberg in Blackhawks zone.
8:19 of 3rd period - Colby Armstrong is hit by Marko Dano and loses puck.
8:44 of 3rd period - Snap shot by Johnny Gaudreau.
8:44 of 3rd period - Shot Misses the Net.
8:46 of 3rd period - Wrist shot by Johnny Gaudreau.
8:46 of 3rd period - Shot Misses the Net.
8:48 of 3rd period - Wrist shot by Jordan Staal.
8:48 of 3rd period - Stopped by Robin Lehner without a rebound.
8:49 of 3rd period - Mike Richards wins face-off versus Jordan Staal in Red Wings zone.
8:49 of 3rd period - Mike Richards is hit by Jakob Silfverberg.
8:57 of 3rd period - Wrist shot by Dylan Larkin.
8:57 of 3rd period - Shot Misses the Net.
8:59 of 3rd period - Slapshot by Mike Richards.
8:59 of 3rd period - Shot Misses the Net.
9:01 of 3rd period - Slapshot by Drew Fata.
9:01 of 3rd period - Shot Hit the Post.
9:03 of 3rd period - Slapshot by Ole-Kristian Tollefsen.
9:03 of 3rd period - Shot Misses the Net.
9:05 of 3rd period - Snap shot by Ole-Kristian Tollefsen.
9:05 of 3rd period - Shot Blocked by Jamie McBain.
9:43 of 3rd period - Wrist shot by Alexander Frolov.
9:43 of 3rd period - Stopped by Robin Lehner with a rebound.
9:45 of 3rd period - Snap shot by Blake Wheeler.
9:45 of 3rd period - Stopped by Robin Lehner without a rebound.
9:46 of 3rd period - Henrik Zetterberg wins face-off versus Jordan Staal in Red Wings zone.
10:25 of 3rd period - Ryan O'Byrne is hit by Antoine Roussel and loses puck.
10:44 of 3rd period - Wrist shot by Tye McGinn.
10:44 of 3rd period - Shot Blocked by Jamie McBain.
11:08 of 3rd period - Wrist shot by Jakub Kindl.
11:08 of 3rd period - Stopped by Tuukka Rask with a rebound.
11:10 of 3rd period - Snap shot by Connor Brown.
11:10 of 3rd period - Goal by Connor Brown - Blackhawks : 4 - Red Wings : 3.
11:11 of 3rd period - Jordan Staal wins face-off versus Mike Richards in neutral zone.
11:58 of 3rd period - Icing by Philip Samuelsson.
11:59 of 3rd period - James Wright wins face-off versus Kris Versteeg in Red Wings zone.
12:08 of 3rd period - Slapshot by Philip Samuelsson.
12:08 of 3rd period - Shot Misses the Net.
12:10 of 3rd period - Wrist shot by Carson Mcmillan.
12:10 of 3rd period - Shot Misses the Net.
12:12 of 3rd period - Wrist shot by Carson Mcmillan.
12:12 of 3rd period - Stopped by Tuukka Rask without a rebound.
12:13 of 3rd period - Mike Richards wins face-off versus Jordan Staal in Blackhawks zone.
12:24 of 3rd period - Wrist shot by Nino Niederreiter.
12:24 of 3rd period - Deflect By Dylan Larkin.
12:24 of 3rd period - Stopped by Tuukka Rask without a rebound.
12:25 of 3rd period - Jordan Staal wins face-off versus Marko Dano in Blackhawks zone.
12:38 of 3rd period - Wrist shot by Jordan Staal.
12:38 of 3rd period - Stopped by Robin Lehner with a rebound.
12:53 of 3rd period - Minor Penalty to Nino Niederreiter for Hooking.
12:54 of 3rd period - Jordan Staal wins face-off versus Kris Versteeg in Red Wings zone.
12:59 of 3rd period - Snap shot by Johnny Gaudreau.
12:59 of 3rd period - Goal by Johnny Gaudreau - Blackhawks : 5 - Red Wings : 3.
13:00 of 3rd period - Mike Richards wins face-off versus Jordan Staal in neutral zone.
13:11 of 3rd period - Snap shot by Jordan Staal.
13:11 of 3rd period - Shot Misses the Net.
13:13 of 3rd period - Slapshot by Radko Gudas.
13:13 of 3rd period - Shot Blocked by Dylan Larkin.
13:15 of 3rd period - Slapshot by Radko Gudas.
13:15 of 3rd period - Shot Misses the Net.
13:17 of 3rd period - Slapshot by Jakob Silfverberg.
13:17 of 3rd period - Stopped by Robin Lehner with a rebound.
13:35 of 3rd period - Snap shot by Henrik Zetterberg.
13:35 of 3rd period - Deflect By Connor Brown.
13:35 of 3rd period - Stopped by Tuukka Rask with a rebound.
13:37 of 3rd period - Wrist shot by Henrik Zetterberg.
13:37 of 3rd period - Shot Misses the Net.
13:39 of 3rd period - Slapshot by Philip Samuelsson.
13:39 of 3rd period - Deflect By Antoine Roussel.
13:39 of 3rd period - Stopped by Tuukka Rask with a rebound.
14:56 of 3rd period - Slapshot by Antoine Roussel.
14:56 of 3rd period - Shot Misses the Net.
15:20 of 3rd period - Backhand shot by Tye McGinn.
15:20 of 3rd period - Shot Blocked by Matthew Spiller.
15:52 of 3rd period - Snap shot by Antoine Roussel.
15:52 of 3rd period - Shot Blocked by Philip Samuelsson.
16:00 of 3rd period - Snap shot by Michael Haley.
16:00 of 3rd period - Stopped by Tuukka Rask with a rebound.
16:36 of 3rd period - Johnny Gaudreau is hit by Ole-Kristian Tollefsen and loses puck.
16:43 of 3rd period - Slapshot by Jamie McBain.
16:43 of 3rd period - Shot Misses the Net.
16:45 of 3rd period - Wrist shot by Johnny Gaudreau.
16:45 of 3rd period - Shot Blocked by Kris Versteeg.
17:14 of 3rd period - Drew Fata is hit by Antoine Roussel and loses puck.
17:27 of 3rd period - Wrist shot by Jordin Tootoo.
17:27 of 3rd period - Shot Blocked by Calvin de Haan.
18:07 of 3rd period - Snap shot by Tye McGinn.
18:07 of 3rd period - Stopped by Tuukka Rask without a rebound.
18:08 of 3rd period - Kris Versteeg wins face-off versus James Wright in Blackhawks zone.
18:23 of 3rd period - Carson Mcmillan is hit by Alexander Frolov and loses puck.
18:57 of 3rd period - Wrist shot by Carson Mcmillan.
18:57 of 3rd period - Shot Misses the Net.
19:15 of 3rd period - Slapshot by Carson Mcmillan.
19:15 of 3rd period - Stopped by Tuukka Rask without a rebound.
19:16 of 3rd period - Dylan Larkin wins face-off versus James Wright in Blackhawks zone.
Goals for this period are 2 for Blackhawks vs 1 for Red Wings.
Shots for this period are 11 for Blackhawks vs 18 for Red Wings.